 Dungeon Crawl Stone Soup version 0.20-a0-9-g62d82d9 (webtiles) character file.

1299 dobroeutro the Skirmisher (level 8, -4/52 HPs)
             Began as a Gargoyle Fighter on Nov 2, 2016.
             Slain by a wight
             ... wielding a +3 great sword
              (11 damage)
             ... on level 5 of the Dungeon.
             The game lasted 00:08:06 (4925 turns).

dobroeutro the Skirmisher (Gargoyle Fighter)        Turns: 4925, Time: 00:08:07

Health: -4/52      AC: 16    Str: 20    XL:     8   Next: 57%
Magic:  8/8        EV:  9    Int: 10    God:
Gold:   364        SH:  9    Dex: 10    Spells: 0 memorised, 7 levels left

rFire  . . .     SeeInvis .     r - +4 flail
rCold  . . .     Gourm    .     b - +0 scale mail
rNeg   + . .     Faith    .     c - +0 shield
rPois  ∞         Spirit   .     t - +0 helmet
rElec  +         Reflect  .     n - +1 cloak
rCorr  .         Harm     .     (no gloves)
MR     .....                    (no boots)
Stlth  ..........               (no amulet)
                                (no ring)
                                (no ring)

@: no status effects
A: negative energy resistance 1, electricity resistance, unbreathing,
petrification resistance, rot immunity, AC +5
a: no special abilities


You were on level 5 of the Dungeon.
You were not hungry.

You visited 1 branch of the dungeon, and saw 5 of its levels.
You also visited: Sewer.

You collected 364 gold pieces.

Inventory:

Hand Weapons
 r - a +4 flail (weapon)
Armour
 b - a +0 scale mail (worn)
 c - a +0 shield (worn)
 n - a +1 cloak (worn)
 t - a +0 helmet (worn)
Wands
 p - a wand of random effects (23/48)
Scrolls
 e - 2 scrolls of remove curse {unknown}
 i - 3 scrolls of amnesia {unknown}
 j - 4 scrolls of identify
 v - 2 scrolls of recharging {unknown}
 w - 2 scrolls of blinking {unknown}
Potions
 a - 4 potions of agility {unknown}
 d - 4 potions of might
 g - 5 potions of curing {unknown}
 h - 3 potions of brilliance
 k - a potion of magic {unknown}
 l - a potion of haste {unknown}
 m - a potion of lignification {unknown}
 u - 2 potions of heal wounds {unknown}
 x - a potion of flight {unknown}
 z - a potion of cure mutation {unknown}
Comestibles
 f - 2 bread rations
 o - 5 meat rations
 q - a slice of pizza
 s - a beef jerky
 A - 2 chunks of flesh


   Skills:
 + Level 6.6 Fighting
 + Level 5.1 Maces & Flails
 + Level 6.3 Armour
 + Level 4.1 Dodging
 - Level 3.2 Shields


You had 7 spell levels left.
You didn't know any spells.

Dungeon Overview and Level Annotations

Branches:
Dungeon (5/15)
 Temple: D:4-7

Altars:
Ashenzari
Makhleb
Vehumet


Innate Abilities, Weirdness & Mutations

You are resistant to torment.
Your stone body is resilient. (AC +5)
You are immune to poison.
You resist negative energy. (rN+)
You are resistant to electric shocks. (rElec)
You can survive without breathing.
You are immune to petrification.
You are immune to rotting.


Message History

The wight hits you with an enchanted great sword!
* * * LOW HITPOINT WARNING * * *
You are too injured to fight recklessly!
You are too injured to fight recklessly!
You are too injured to fight recklessly!
You sock the bullfrog skeleton!
You destroy the bullfrog skeleton!
You completely miss the wight.
The wight hits you with an enchanted great sword.
* * * LOW HITPOINT WARNING * * *
You hit the wight.
The wight is moderately damaged.
You block the wight's attack.
You hit the wight.
The wight is severely damaged.
You block the wight's attack.
You hit the wight.
The wight is almost destroyed.
The wight hits you with an enchanted great sword!
You die...

#....... #.......#..
#...... #.......#..
#....# #...##..##.
##....####...##..##.
#.....'.............
#[....#.............
#.....#.............
###'####............
#.@..##............
#..z..##...<.##.....
#.....###+#####.....
#.....+ ######
##....# #....#
.....+ .....#


You could see a wight.

Vanquished Creatures
  The ghost of namnharef the Chopper, an amateur HOFi (D:3)
  2 ogres (D:4)
  A centaur (D:5)
  A big kobold (D:4)
  A wight (D:5)
  A crimson imp (D:2)
  A quasit (D:3)
  2 hounds
  2 orc priests
  A bullfrog skeleton (D:5)
  2 orc wizards
  3 worker ants
  Robin (D:4)
  12 gnolls (D:4)
  4 river rats (Sewer)
  7 adders
  2 adder skeletons (D:4)
  2 worms (D:3)
  3 dart slugs
  6 leopard geckos
  13 orcs
  8 giant cockroaches
  43 goblins
  31 hobgoblins
  4 jackals
  25 kobolds
  3 quokkas
  7 ball pythons
  9 bats
  8 frilled lizards
  28 rats
234 creatures vanquished.

Notes
Turn   | Place    | Note
-------+----------+-------------------------------------------
     0 | D:1      | dobroeutro the Gargoyle Fighter began the quest for the Orb.
     0 | D:1      | Reached XP level 1. HP: 14/14 MP: 1/1
   131 | D:1      | Reached XP level 2. HP: 19/19 MP: 2/2
   657 | D:2      | Reached skill level 1 in Dodging
   657 | D:2      | Reached XP level 3. HP: 9/24 MP: 3/3
   942 | D:2      | Found a burning altar of Makhleb.
   965 | D:2      | Reached XP level 4. HP: 17/29 MP: 4/4
  1097 | D:2      | Found a shattered altar of Ashenzari.
  1368 | D:3      | Reached XP level 5. HP: 22/34 MP: 5/5
  1582 | D:3      | Noticed namnharef's ghost (amateur HOFi)
  2069 | D:3      | Reached XP level 6. HP: 15/39 MP: 6/6
  2793 | D:3      | Killed namnharef's ghost
  2793 | D:3      | Reached skill level 5 in Fighting
  2839 | D:4      | Noticed Robin
  2855 | D:4      | Reached XP level 7. HP: 43/44 MP: 7/7
  2917 | D:4      | Killed Robin
  2947 | D:4      | Reached skill level 5 in Armour
  3052 | D:4      | Found a radiant altar of Vehumet.
  3434 | D:4      | Found a glowing drain.
  3448 | Sewer    | Entered a sewer
  4102 | D:4      | Reached XP level 8. HP: 39/51 MP: 8/8
  4812 | D:5      | Entered Level 5 of the Dungeon
  4883 | D:5      | Reached skill level 5 in Maces & Flails
  4925 | D:5      | Slain by a wight

Vault maps used:
D:1:      saegor_arrival_miasma
D:2:      makhleb_blood_cavern_becter, minmay_statues_item, grunt_ministairs_10,
          evilmike_ruin_ashenzari
D:3:      serial_forest, infiniplex_forest_straight_4,
          infiniplex_forest_lined_corner, infiniplex_forest_straight_3,
          infiniplex_forest_lined_corner, infiniplex_forest_clump_medium,
          infiniplex_forest_diagonal
D:4:      minmay_goblin_kobold_castle, kennysheep_little_box,
          portal_sewer_entry_a, first_bread, uniq_robin
D:5:      led_sif_book, kennysheep_generic_room_15
Sewer:    sewer_minmay_treatment

Skill      XL: |  1  2  3  4  5  6  7  8 |
---------------+-------------------------+-----
Dodging        | 1 2 3 4 |  4.1
Fighting       | 4 5 6 |  6.6
Armour         | 4 5 6 |  6.3
Maces & Flails | 3 4 5 |  5.1
Shields        | |  3.2

Action                   |  1- 3 |  4- 6 |  7- 9 || total
-------------------------+-------+-------+-------++-------
Melee: Flail             |   156 |   359 |   382 ||   897
  Use: Scroll            |       |     4 |       ||     4
  Eat: Chunk             |       |     6 |     9 ||    15
Armor: Scale mail        |    99 |   375 |   229 ||   703
Dodge: Dodged            |    60 |   177 |   157 ||   394
Block: Shield            |    88 |   259 |   226 ||   573
